[ PARTIDA AOE2 · #465524996 ]
UnrankedPersas vs Koreans
[ ANÁLISIS DE REPETICIÓN · EXTRAÍDO DE LA PARTIDA GRABADA ]
Feudal
11:38
Castillos
15:19
Imperial
27:59
| APM promedio | 53.7 |
| APM pico | 94 |
| eAPM promedio | 26.1 |
| Aldeanos / militares | 157 / 96 |
Foco
⚔️ 25.9% · 🌾 74.1%
Knight ×80 · Scout Cavalry ×15 · Monk ×1
Feudal
10:09
Castillos
14:15
Imperial
29:20
| APM promedio | 39.4 |
| APM pico | 100 |
| eAPM promedio | 22.3 |
| Aldeanos / militares | 193 / 58 |
Foco
⚔️ 23.4% · 🌾 76.6%
Spearman ×48 · Trebuchet (Packed) ×5 · Militia ×4 · Monk ×1
Feudal
11:28
Castillos
14:58
Imperial
29:53
| APM promedio | 56.7 |
| APM pico | 80 |
| eAPM promedio | 30.8 |
| Aldeanos / militares | 150 / 42 |
Foco
⚔️ 39.3% · 🌾 60.7%
Skirmisher ×31 · Hand Cannoneer ×7 · Bombard Cannon ×2 · Cavalry Archer ×1 · Trebuchet (Packed) ×1
Feudal
10:57
Castillos
14:27
Imperial
—
| APM promedio | 58.4 |
| APM pico | 86 |
| eAPM promedio | 31.6 |
| Aldeanos / militares | 162 / 17 |
Foco
⚔️ 30.5% · 🌾 69.5%
Mangonel ×12 · Skirmisher ×4 · Cavalry Archer ×1
Feudal
11:47
Castillos
15:18
Imperial
30:53
| APM promedio | 49.4 |
| APM pico | 91 |
| eAPM promedio | 20.3 |
| Aldeanos / militares | 126 / 40 |
Foco
⚔️ 18.9% · 🌾 81.1%
Conquistador ×20 · Knight ×19 · Trebuchet (Packed) ×1
Feudal
12:05
Castillos
15:38
Imperial
31:49
| APM promedio | 25.7 |
| APM pico | 62 |
| eAPM promedio | 14.9 |
| Aldeanos / militares | 184 / 8 |
Foco
⚔️ 4.8% · 🌾 95.2%
Skirmisher ×8 · Unknown (2626) ×2
Feudal
10:32
Castillos
14:03
Imperial
—
| APM promedio | 49.4 |
| APM pico | 81 |
| eAPM promedio | 21.2 |
| Aldeanos / militares | 79 / 42 |
Foco
⚔️ 37.1% · 🌾 62.9%
Archer ×22 · Mangonel ×19 · Armored Elephant ×1
Feudal
11:53
Castillos
15:23
Imperial
28:43
| APM promedio | 27.0 |
| APM pico | 47 |
| eAPM promedio | 15.8 |
| Aldeanos / militares | 127 / 57 |
Foco
⚔️ 24.3% · 🌾 75.7%
Knight ×42 · Scout Cavalry ×15
Mapa de la partida
Recursos iniciales + cada clic de construcción. Líneas = muros · curvas = relieve. ◆ oro · ⬟ piedra · ● bayas · ✦ reliquia · ◌ hueco del cierre
Inputs por minuto
— Idle Brother - - Don_Digidon
Build order — Idle Brother
Primeras 150 de 376 acciones detectadas
| 0:02 | Encolar | Villager (Male) ×5 |
| 0:03 | Construir | House |
| 0:05 | Construir | House |
| 1:30 | Encolar | Villager (Male) |
| 1:30 | Encolar | Villager (Male) |
| 1:56 | Encolar | Villager (Male) |
| 2:18 | Construir | Lumber Camp |
| 2:24 | Encolar | Villager (Male) |
| 2:24 | Encolar | Villager (Male) |
| 2:36 | Encolar | Villager (Male) |
| 2:36 | Encolar | Villager (Male) |
| 3:05 | Construir | House |
| 3:06 | Construir | House |
| 3:16 | Encolar | Villager (Male) |
| 3:16 | Encolar | Villager (Male) |
| 3:28 | Construir | Mill |
| 3:33 | Encolar | Villager (Male) |
| 4:17 | Encolar | Villager (Male) |
| 4:17 | Encolar | Villager (Male) |
| 4:30 | Encolar | Villager (Male) |
| 4:50 | Encolar | Villager (Male) |
| 4:59 | Construir | House |
| 5:00 | Construir | House |
| 5:21 | Encolar | Villager (Male) |
| 5:40 | Encolar | Villager (Male) |
| 5:40 | Encolar | Villager (Male) |
| 6:10 | Encolar | Villager (Male) |
| 6:18 | Construir | Mill |
| 6:39 | Encolar | Villager (Male) |
| 6:55 | Encolar | Villager (Male) |
| 7:08 | Encolar | Villager (Male) |
| 7:41 | Encolar | Villager (Male) |
| 7:44 | Construir | Farm |
| 7:47 | Construir | Farm |
| 7:48 | Construir | Farm |
| 8:14 | Encolar | Villager (Male) |
| 8:21 | Construir | Lumber Camp |
| 8:25 | Encolar | Villager (Male) |
| 8:49 | Encolar | Villager (Male) |
| 8:52 | Construir | House |
| 9:17 | Construir | Farm |
| 9:34 | Investigar | Feudal Age |
| 9:35 | Investigar | Feudal Age |
| 9:38 | Construir | Mining Camp |
| 11:21 | Encolar | Villager (Male) |
| 11:21 | Encolar | Villager (Male) |
| 11:38 | Edad | Edad Feudal |
| 11:48 | Construir | Blacksmith |
| 12:40 | Construir | Market |
| 12:54 | Investigar | Castle Age |
| 13:26 | Investigar | Double-Bit Axe |
| 13:53 | Construir | House |
| 14:22 | Construir | Farm |
| 14:29 | Encolar | Villager (Male) |
| 14:29 | Encolar | Villager (Male) |
| 15:08 | Investigar | Horse Collar |
| 15:08 | Investigar | Horse Collar |
| 15:19 | Edad | Edad de los Castillos |
| 15:25 | Construir | Town Center |
| 15:33 | Construir | Town Center |
| 15:46 | Construir | Farm |
| 15:47 | Investigar | Bow Saw |
| 15:47 | Investigar | Bow Saw |
| 15:52 | Construir | Farm |
| 15:53 | Construir | Farm |
| 16:06 | Encolar | Villager (Male) |
| 16:06 | Encolar | Villager (Male) |
| 16:07 | Encolar | Villager (Male) |
| 16:11 | Construir | Farm |
| 16:12 | Construir | Farm |
| 16:13 | Construir | Farm |
| 16:14 | Construir | Farm |
| 16:35 | Construir | Farm |
| 16:36 | Encolar | Villager (Male) |
| 16:45 | Investigar | Wheelbarrow |
| 16:53 | Construir | Farm |
| 17:03 | Encolar | Villager (Male) |
| 17:13 | Encolar | Villager (Male) |
| 17:17 | Encolar | Villager (Male) |
| 17:21 | Construir | Farm |
| 17:24 | Construir | Farm |
| 17:36 | Encolar | Villager (Male) |
| 17:36 | Encolar | Villager (Male) |
| 17:39 | Construir | Farm |
| 17:45 | Construir | Farm |
| 17:46 | Encolar | Villager (Male) |
| 17:46 | Encolar | Villager (Male) |
| 17:54 | Construir | House |
| 17:54 | Encolar | Villager (Male) |
| 17:57 | Construir | Farm |
| 18:10 | Encolar | Villager (Male) |
| 18:11 | Encolar | Villager (Male) |
| 18:13 | Encolar | Villager (Male) ×2 |
| 18:24 | Encolar | Villager (Male) ×2 |
| 18:25 | Construir | House |
| 18:27 | Encolar | Villager (Male) |
| 18:42 | Construir | Town Center |
| 18:44 | Encolar | Villager (Male) |
| 18:45 | Encolar | Villager (Male) |
| 18:46 | Encolar | Villager (Male) |
| 18:49 | Construir | House |
| 18:50 | Encolar | Villager (Male) |
| 18:51 | Encolar | Villager (Male) |
| 18:55 | Construir | Palisade Wall |
| 18:57 | Encolar | Villager (Male) |
| 18:57 | Encolar | Villager (Male) |
| 19:07 | Encolar | Villager (Male) |
| 19:07 | Encolar | Villager (Male) |
| 19:09 | Construir | House |
| 19:15 | Encolar | Villager (Male) |
| 19:15 | Encolar | Villager (Male) |
| 19:21 | Encolar | Villager (Male) |
| 19:21 | Encolar | Villager (Male) |
| 19:27 | Construir | Farm |
| 19:28 | Encolar | Villager (Male) |
| 19:29 | Encolar | Villager (Male) |
| 19:34 | Construir | Farm |
| 19:35 | Construir | Farm |
| 19:38 | Construir | Farm |
| 19:39 | Encolar | Villager (Male) |
| 19:42 | Construir | Farm |
| 19:54 | Encolar | Villager (Male) |
| 19:54 | Encolar | Villager (Male) |
| 19:57 | Construir | House |
| 19:58 | Encolar | Villager (Male) |
| 19:58 | Encolar | Villager (Male) |
| 20:02 | Encolar | Villager (Male) |
| 20:08 | Encolar | Villager (Male) |
| 20:08 | Encolar | Villager (Male) |
| 20:14 | Construir | Lumber Camp |
| 20:16 | Encolar | Villager (Male) |
| 20:18 | Construir | Farm |
| 20:27 | Construir | Palisade Wall |
| 20:28 | Construir | Palisade Wall |
| 20:33 | Construir | House |
| 20:33 | Encolar | Villager (Male) |
| 20:34 | Encolar | Villager (Male) |
| 20:36 | Construir | Farm |
| 20:40 | Encolar | Villager (Male) |
| 20:46 | Encolar | Villager (Male) |
| 20:49 | Encolar | Villager (Male) |
| 20:56 | Construir | Farm |
| 20:58 | Construir | Farm |
| 21:03 | Encolar | Villager (Male) |
| 21:07 | Construir | Farm |
| 21:11 | Encolar | Villager (Male) |
| 21:12 | Encolar | Villager (Male) |
| 21:13 | Encolar | Villager (Male) |
| 21:15 | Construir | Farm |
| 21:17 | Construir | Farm |
Build order — Don_Digidon
Primeras 150 de 435 acciones detectadas
| 0:01 | Encolar | Villager (Male) |
| 0:01 | Encolar | Villager (Male) |
| 0:02 | Construir | House |
| 0:03 | Construir | House |
| 0:14 | Encolar | Villager (Male) |
| 0:14 | Encolar | Villager (Male) |
| 1:20 | Encolar | Villager (Male) |
| 1:39 | Encolar | Villager (Male) |
| 1:39 | Encolar | Villager (Male) |
| 1:54 | Construir | Lumber Camp |
| 2:11 | Encolar | Villager (Male) |
| 2:11 | Encolar | Villager (Male) |
| 2:17 | Encolar | Villager (Male) |
| 2:17 | Encolar | Villager (Male) |
| 3:13 | Encolar | Villager (Male) |
| 3:13 | Encolar | Villager (Male) |
| 3:36 | Encolar | Villager (Male) |
| 3:37 | Encolar | Villager (Male) |
| 3:50 | Construir | House |
| 3:52 | Construir | Mill |
| 4:02 | Encolar | Villager (Male) |
| 4:03 | Encolar | Villager (Male) |
| 4:33 | Encolar | Villager (Male) |
| 4:33 | Encolar | Villager (Male) |
| 4:35 | Encolar | Villager (Male) |
| 4:35 | Encolar | Villager (Male) |
| 4:43 | Construir | House |
| 4:47 | Encolar | Villager (Male) |
| 5:19 | Encolar | Villager (Male) |
| 5:47 | Encolar | Villager (Male) |
| 6:53 | Construir | Mining Camp |
| 6:57 | Encolar | Villager (Male) |
| 7:32 | Encolar | Villager (Male) |
| 7:59 | Investigar | Feudal Age |
| 7:59 | Investigar | Feudal Age |
| 8:11 | Construir | House |
| 8:19 | Encolar | Villager (Male) |
| 8:57 | Encolar | Villager (Male) |
| 9:33 | Construir | Mill |
| 10:09 | Edad | Edad Feudal |
| 10:25 | Construir | Market |
| 10:37 | Investigar | Loom |
| 11:09 | Construir | House |
| 11:35 | Investigar | Castle Age |
| 11:35 | Investigar | Castle Age |
| 12:15 | Investigar | Double-Bit Axe |
| 12:15 | Investigar | Double-Bit Axe |
| 12:15 | Investigar | Double-Bit Axe |
| 12:33 | Construir | House |
| 13:08 | Encolar | Villager (Male) |
| 13:12 | Investigar | Horse Collar |
| 13:12 | Investigar | Horse Collar |
| 13:16 | Construir | Farm |
| 13:17 | Construir | Farm |
| 13:19 | Construir | Farm |
| 14:15 | Edad | Edad de los Castillos |
| 14:17 | Construir | Town Center |
| 14:18 | Encolar | Villager (Male) |
| 14:37 | Construir | Town Center |
| 14:38 | Encolar | Villager (Male) |
| 14:42 | Investigar | Bow Saw |
| 14:42 | Investigar | Bow Saw |
| 15:31 | Encolar | Villager (Male) |
| 15:34 | Construir | Farm |
| 15:43 | Encolar | Villager (Male) |
| 15:43 | Encolar | Villager (Male) |
| 15:56 | Encolar | Villager (Male) |
| 15:56 | Encolar | Villager (Male) |
| 16:00 | Construir | Lumber Camp |
| 16:33 | Encolar | Villager (Male) |
| 16:33 | Encolar | Villager (Male) |
| 16:37 | Construir | Farm |
| 16:39 | Construir | Farm |
| 16:39 | Construir | Farm |
| 16:47 | Encolar | Villager (Male) |
| 16:48 | Encolar | Villager (Male) |
| 16:50 | Construir | Farm |
| 16:52 | Encolar | Villager (Male) |
| 16:52 | Encolar | Villager (Male) |
| 16:52 | Encolar | Villager (Male) |
| 16:54 | Construir | Farm |
| 16:55 | Construir | Farm |
| 17:10 | Construir | Outpost |
| 17:15 | Construir | Farm |
| 17:15 | Construir | Farm |
| 17:21 | Construir | Farm |
| 17:24 | Encolar | Villager (Male) |
| 17:25 | Encolar | Villager (Male) |
| 17:25 | Encolar | Villager (Male) |
| 17:29 | Construir | Farm |
| 17:31 | Construir | House |
| 17:31 | Construir | House |
| 17:33 | Construir | Farm |
| 17:34 | Construir | Farm |
| 17:36 | Encolar | Villager (Male) |
| 17:40 | Encolar | Villager (Male) |
| 17:40 | Encolar | Villager (Male) |
| 17:54 | Construir | Outpost |
| 18:03 | Construir | Outpost |
| 18:06 | Encolar | Villager (Male) |
| 18:06 | Encolar | Villager (Male) |
| 18:06 | Encolar | Villager (Male) |
| 18:06 | Encolar | Villager (Male) |
| 18:15 | Encolar | Villager (Male) |
| 18:15 | Encolar | Villager (Male) |
| 18:21 | Construir | Town Center |
| 18:28 | Construir | House |
| 18:28 | Construir | House |
| 18:30 | Encolar | Villager (Male) |
| 18:31 | Encolar | Villager (Male) |
| 18:41 | Construir | House |
| 18:46 | Encolar | Villager (Male) |
| 18:46 | Encolar | Villager (Male) |
| 18:46 | Encolar | Villager (Male) |
| 18:49 | Construir | Farm |
| 18:50 | Construir | Farm |
| 18:51 | Encolar | Villager (Male) |
| 18:52 | Encolar | Villager (Male) |
| 19:00 | Encolar | Villager (Male) |
| 19:00 | Encolar | Villager (Male) |
| 19:09 | Encolar | Villager (Male) |
| 19:09 | Encolar | Villager (Male) |
| 19:09 | Encolar | Villager (Male) |
| 19:16 | Encolar | Villager (Male) |
| 19:27 | Encolar | Villager (Male) |
| 19:28 | Encolar | Villager (Male) |
| 19:28 | Encolar | Villager (Male) |
| 19:34 | Construir | Farm |
| 19:34 | Construir | Farm |
| 19:35 | Construir | Farm |
| 19:35 | Construir | Farm |
| 19:35 | Construir | Farm |
| 19:35 | Construir | Farm |
| 19:35 | Construir | Farm |
| 19:42 | Encolar | Villager (Male) |
| 19:42 | Encolar | Villager (Male) |
| 19:42 | Encolar | Villager (Male) |
| 19:45 | Construir | Farm |
| 19:59 | Construir | House |
| 20:00 | Construir | House |
| 20:03 | Encolar | Villager (Male) |
| 20:03 | Encolar | Villager (Male) |
| 20:08 | Encolar | Villager (Male) |
| 20:08 | Encolar | Villager (Male) |
| 20:12 | Construir | Farm |
| 20:20 | Construir | Farm |
| 20:22 | Construir | Farm |
| 20:25 | Construir | Farm |
| 20:26 | Encolar | Villager (Male) |
| 20:26 | Encolar | Villager (Male) |
Build order — 爱吃汉堡包
Primeras 150 de 339 acciones detectadas
| 0:01 | Encolar | Villager (Male) |
| 0:01 | Encolar | Villager (Male) |
| 0:03 | Construir | House |
| 0:04 | Construir | House |
| 0:09 | Encolar | Villager (Male) |
| 0:10 | Encolar | Villager (Male) |
| 0:10 | Encolar | Villager (Male) |
| 1:20 | Encolar | Villager (Male) |
| 1:20 | Encolar | Villager (Male) |
| 1:46 | Construir | Lumber Camp |
| 1:57 | Encolar | Villager (Male) |
| 1:57 | Encolar | Villager (Male) |
| 2:17 | Encolar | Villager (Male) |
| 2:17 | Encolar | Villager (Male) |
| 2:45 | Encolar | Villager (Male) |
| 2:45 | Encolar | Villager (Male) |
| 3:03 | Encolar | Villager (Male) |
| 3:03 | Encolar | Villager (Male) |
| 3:33 | Encolar | Villager (Male) |
| 3:50 | Construir | Mill |
| 3:55 | Construir | House |
| 4:04 | Encolar | Villager (Male) |
| 4:04 | Encolar | Villager (Male) |
| 4:23 | Encolar | Villager (Male) |
| 4:23 | Encolar | Villager (Male) |
| 4:29 | Construir | House |
| 4:29 | Construir | House |
| 4:35 | Encolar | Villager (Male) |
| 4:35 | Encolar | Villager (Male) |
| 4:58 | Encolar | Villager (Male) |
| 4:58 | Encolar | Villager (Male) |
| 5:31 | Construir | House |
| 5:39 | Construir | Farm |
| 5:41 | Encolar | Villager (Male) |
| 5:41 | Encolar | Villager (Male) |
| 6:08 | Construir | Farm |
| 6:35 | Encolar | Villager (Male) |
| 6:45 | Construir | Farm |
| 7:08 | Encolar | Villager (Male) |
| 7:09 | Encolar | Villager (Male) |
| 8:03 | Encolar | Villager (Male) |
| 8:11 | Construir | Mining Camp |
| 8:19 | Encolar | Villager (Male) |
| 8:43 | Encolar | Villager (Male) |
| 9:00 | Investigar | Feudal Age |
| 9:21 | Construir | Farm |
| 10:08 | Construir | Mill |
| 10:25 | Encolar | Villager (Male) |
| 10:25 | Encolar | Villager (Male) |
| 11:28 | Edad | Edad Feudal |
| 11:31 | Construir | Blacksmith |
| 12:11 | Investigar | Castle Age |
| 12:11 | Investigar | Castle Age |
| 12:35 | Investigar | Horse Collar |
| 12:35 | Investigar | Horse Collar |
| 12:48 | Investigar | Double-Bit Axe |
| 12:48 | Investigar | Double-Bit Axe |
| 12:53 | Construir | Farm |
| 12:58 | Construir | Farm |
| 13:04 | Construir | Farm |
| 13:05 | Construir | Farm |
| 13:06 | Construir | Farm |
| 13:08 | Construir | Farm |
| 13:20 | Construir | Farm |
| 14:43 | Encolar | Villager (Male) |
| 14:44 | Encolar | Villager (Male) |
| 14:58 | Edad | Edad de los Castillos |
| 15:00 | Construir | Town Center |
| 15:08 | Encolar | Villager (Male) |
| 15:31 | Encolar | Villager (Male) |
| 16:12 | Encolar | Villager (Male) |
| 16:25 | Encolar | Villager (Male) |
| 16:25 | Encolar | Villager (Male) |
| 16:26 | Investigar | Bow Saw |
| 16:26 | Investigar | Bow Saw |
| 16:33 | Encolar | Villager (Male) |
| 16:43 | Encolar | Villager (Male) |
| 16:43 | Encolar | Villager (Male) |
| 17:12 | Encolar | Villager (Male) |
| 17:15 | Encolar | Villager (Male) |
| 17:16 | Encolar | Villager (Male) |
| 17:19 | Construir | Town Center |
| 17:26 | Investigar | Wheelbarrow |
| 17:54 | Encolar | Villager (Male) |
| 17:59 | Construir | Market |
| 18:00 | Construir | House |
| 18:01 | Construir | House |
| 18:12 | Construir | Farm |
| 18:14 | Encolar | Villager (Male) |
| 18:26 | Encolar | Villager (Male) |
| 18:30 | Encolar | Villager (Male) |
| 18:31 | Encolar | Villager (Male) |
| 18:32 | Construir | Farm |
| 18:34 | Construir | Farm |
| 18:37 | Construir | Farm |
| 18:39 | Construir | Farm |
| 18:42 | Construir | Farm |
| 18:43 | Encolar | Villager (Male) |
| 18:43 | Encolar | Villager (Male) |
| 18:49 | Encolar | Cavalry Archer |
| 18:52 | Encolar | Villager (Male) |
| 19:04 | Encolar | Villager (Male) |
| 19:06 | Construir | Farm |
| 19:08 | Construir | Farm |
| 19:09 | Encolar | Villager (Male) |
| 19:10 | Encolar | Villager (Male) |
| 19:12 | Encolar | Villager (Male) |
| 19:24 | Construir | Lumber Camp |
| 19:25 | Encolar | Villager (Male) |
| 19:37 | Encolar | Skirmisher |
| 19:38 | Encolar | Skirmisher |
| 19:38 | Encolar | Villager (Male) |
| 19:46 | Encolar | Villager (Male) |
| 19:47 | Encolar | Villager (Male) |
| 19:52 | Investigar | Fletching |
| 19:52 | Investigar | Fletching |
| 20:21 | Construir | Town Center |
| 20:24 | Encolar | Skirmisher |
| 20:25 | Encolar | Villager (Male) |
| 20:26 | Encolar | Villager (Male) |
| 20:26 | Encolar | Villager (Male) |
| 20:26 | Encolar | Villager (Male) |
| 20:39 | Investigar | Bodkin Arrow |
| 20:39 | Investigar | Bodkin Arrow |
| 20:40 | Encolar | Villager (Male) |
| 20:40 | Encolar | Villager (Male) |
| 20:40 | Encolar | Villager (Male) |
| 20:41 | Encolar | Skirmisher |
| 20:59 | Encolar | Skirmisher |
| 21:00 | Encolar | Villager (Male) |
| 21:05 | Investigar | Elite Skirmisher (upgrade) |
| 21:05 | Investigar | Elite Skirmisher (upgrade) |
| 21:07 | Encolar | Villager (Male) |
| 21:07 | Encolar | Villager (Male) |
| 21:14 | Encolar | Villager (Male) |
| 21:29 | Encolar | Skirmisher |
| 21:30 | Encolar | Villager (Male) |
| 21:30 | Encolar | Villager (Male) |
| 21:34 | Construir | Barracks |
| 21:35 | Construir | House |
| 21:45 | Encolar | Skirmisher |
| 21:50 | Construir | Farm |
| 21:51 | Construir | Farm |
| 21:53 | Encolar | Villager (Male) |
| 22:07 | Construir | Farm |
| 22:08 | Encolar | Villager (Male) |
| 22:24 | Investigar | Loom |
| 22:24 | Investigar | Loom |
| 22:32 | Construir | Palisade Wall |
| 22:33 | Construir | House |
Build order — 旋律
Primeras 150 de 281 acciones detectadas
| 0:01 | Encolar | Villager (Male) |
| 0:01 | Encolar | Villager (Male) |
| 0:02 | Construir | House |
| 0:03 | Construir | House |
| 0:08 | Construir | House |
| 0:15 | Encolar | Villager (Male) |
| 0:56 | Encolar | Villager (Male) |
| 1:25 | Encolar | Villager (Male) |
| 1:51 | Construir | Lumber Camp |
| 1:53 | Encolar | Villager (Male) |
| 1:53 | Encolar | Villager (Male) |
| 2:12 | Encolar | Villager (Male) |
| 2:33 | Encolar | Villager (Male) |
| 2:33 | Encolar | Villager (Male) |
| 3:01 | Encolar | Villager (Male) |
| 3:24 | Encolar | Villager (Male) |
| 3:24 | Encolar | Villager (Male) |
| 3:41 | Construir | Mill |
| 3:50 | Encolar | Villager (Male) |
| 4:02 | Construir | House |
| 4:19 | Encolar | Villager (Male) |
| 4:19 | Encolar | Villager (Male) |
| 4:37 | Encolar | Villager (Male) |
| 5:12 | Encolar | Villager (Male) |
| 5:23 | Construir | Mill |
| 5:34 | Encolar | Villager (Male) |
| 5:47 | Construir | House |
| 5:53 | Encolar | Villager (Male) |
| 6:11 | Encolar | Villager (Male) |
| 6:39 | Encolar | Villager (Male) |
| 6:40 | Encolar | Villager (Male) |
| 7:05 | Encolar | Villager (Male) |
| 7:31 | Encolar | Villager (Male) |
| 7:45 | Encolar | Villager (Male) |
| 8:03 | Construir | Mining Camp |
| 8:32 | Investigar | Feudal Age |
| 8:32 | Investigar | Feudal Age |
| 9:04 | Encolar | Villager (Male) |
| 9:04 | Encolar | Villager (Male) |
| 10:27 | Construir | House |
| 10:34 | Investigar | Loom |
| 10:57 | Edad | Edad Feudal |
| 10:59 | Construir | Blacksmith |
| 11:38 | Investigar | Double-Bit Axe |
| 11:42 | Investigar | Castle Age |
| 12:02 | Investigar | Horse Collar |
| 12:34 | Construir | Lumber Camp |
| 12:43 | Encolar | Villager (Male) |
| 13:07 | Construir | Farm |
| 13:08 | Construir | Farm |
| 14:27 | Edad | Edad de los Castillos |
| 14:30 | Construir | Town Center |
| 14:30 | Encolar | Villager (Male) |
| 14:36 | Construir | Town Center |
| 14:39 | Investigar | Bow Saw |
| 14:49 | Construir | Farm |
| 14:53 | Construir | Farm |
| 14:54 | Encolar | Villager (Male) |
| 15:07 | Construir | Farm |
| 15:07 | Construir | Farm |
| 15:07 | Construir | Farm |
| 15:08 | Construir | Farm |
| 15:25 | Construir | Farm |
| 15:27 | Encolar | Villager (Male) |
| 15:46 | Encolar | Villager (Male) |
| 15:50 | Construir | Farm |
| 15:53 | Encolar | Villager (Male) |
| 15:54 | Encolar | Villager (Male) |
| 15:56 | Construir | Farm |
| 16:02 | Construir | Farm |
| 16:04 | Encolar | Villager (Male) |
| 16:11 | Construir | Farm |
| 16:23 | Encolar | Cavalry Archer |
| 16:25 | Encolar | Villager (Male) |
| 16:35 | Encolar | Villager (Male) |
| 16:36 | Encolar | Villager (Male) |
| 16:47 | Construir | Farm |
| 16:49 | Construir | Farm |
| 16:50 | Encolar | Villager (Male) |
| 16:53 | Encolar | Skirmisher |
| 17:02 | Construir | Farm |
| 17:03 | Encolar | Skirmisher |
| 17:08 | Construir | Farm |
| 17:10 | Construir | Farm |
| 17:14 | Encolar | Villager (Male) |
| 17:21 | Construir | House |
| 17:38 | Construir | House |
| 17:39 | Construir | House |
| 17:42 | Investigar | Fletching |
| 17:42 | Investigar | Fletching |
| 17:45 | Construir | Siege Workshop |
| 17:53 | Encolar | Skirmisher |
| 17:54 | Encolar | Villager (Male) |
| 17:55 | Encolar | Villager (Male) |
| 18:20 | Encolar | Mangonel |
| 18:23 | Encolar | Villager (Male) |
| 18:23 | Encolar | Villager (Male) |
| 18:31 | Construir | Farm |
| 18:33 | Construir | House |
| 18:34 | Construir | House |
| 18:39 | Encolar | Skirmisher |
| 18:41 | Encolar | Villager (Male) |
| 18:46 | Encolar | Villager (Male) |
| 18:46 | Encolar | Villager (Male) |
| 19:03 | Encolar | Mangonel |
| 19:03 | Encolar | Villager (Male) |
| 19:12 | Encolar | Villager (Male) |
| 19:27 | Encolar | Villager (Male) |
| 19:27 | Encolar | Villager (Male) |
| 19:29 | Construir | Farm |
| 19:37 | Encolar | Villager (Male) |
| 19:38 | Encolar | Villager (Male) |
| 19:44 | Encolar | Villager (Male) |
| 19:44 | Encolar | Villager (Male) |
| 20:04 | Encolar | Villager (Male) |
| 20:16 | Encolar | Villager (Male) |
| 20:18 | Encolar | Villager (Male) |
| 20:19 | Encolar | Villager (Male) |
| 20:21 | Construir | Town Center |
| 20:26 | Encolar | Villager (Male) |
| 20:29 | Encolar | Villager (Male) |
| 20:32 | Construir | Farm |
| 20:33 | Construir | Farm |
| 20:34 | Construir | Farm |
| 20:35 | Construir | House |
| 20:35 | Construir | House |
| 20:40 | Encolar | Villager (Male) |
| 20:49 | Encolar | Villager (Male) |
| 20:49 | Encolar | Villager (Male) |
| 20:56 | Construir | Mill |
| 20:56 | Construir | Farm |
| 20:57 | Construir | Farm |
| 20:57 | Construir | Farm |
| 20:57 | Construir | Farm |
| 20:57 | Construir | Farm |
| 20:59 | Encolar | Villager (Male) |
| 21:11 | Encolar | Villager (Male) |
| 21:16 | Encolar | Villager (Male) |
| 21:32 | Encolar | Villager (Male) |
| 21:33 | Construir | Market |
| 21:47 | Encolar | Villager (Male) |
| 21:47 | Encolar | Villager (Male) |
| 21:48 | Encolar | Villager (Male) |
| 21:50 | Construir | Farm |
| 21:51 | Construir | Farm |
| 21:54 | Encolar | Villager (Male) |
| 22:01 | Encolar | Villager (Male) |
| 22:08 | Encolar | Villager (Male) |
| 22:26 | Encolar | Villager (Male) |
| 22:33 | Encolar | Villager (Male) |
Build order — Kinder
Primeras 150 de 330 acciones detectadas
| 0:02 | Encolar | Villager (Male) |
| 0:02 | Encolar | Villager (Male) |
| 0:03 | Construir | House |
| 0:04 | Construir | House |
| 0:11 | Encolar | Villager (Male) |
| 1:03 | Encolar | Villager (Male) |
| 1:04 | Encolar | Villager (Male) |
| 1:24 | Encolar | Villager (Male) |
| 1:57 | Construir | Lumber Camp |
| 1:59 | Encolar | Villager (Male) |
| 2:26 | Encolar | Villager (Male) |
| 2:26 | Encolar | Villager (Male) |
| 2:27 | Encolar | Villager (Male) |
| 2:54 | Encolar | Villager (Male) |
| 3:38 | Encolar | Villager (Male) |
| 3:38 | Encolar | Villager (Male) |
| 3:52 | Construir | House |
| 3:59 | Encolar | Villager (Male) |
| 4:16 | Construir | Mill |
| 4:25 | Encolar | Villager (Male) |
| 4:25 | Encolar | Villager (Male) |
| 5:02 | Encolar | Villager (Male) |
| 5:33 | Construir | House |
| 5:38 | Encolar | Villager (Male) |
| 5:38 | Encolar | Villager (Male) |
| 5:52 | Encolar | Villager (Male) |
| 6:11 | Encolar | Villager (Male) |
| 6:23 | Encolar | Villager (Male) |
| 6:36 | Encolar | Villager (Male) |
| 6:39 | Construir | Farm |
| 6:50 | Construir | Farm |
| 7:14 | Encolar | Villager (Male) |
| 7:48 | Construir | Mining Camp |
| 8:07 | Construir | Farm |
| 8:27 | Construir | House |
| 8:32 | Encolar | Villager (Male) |
| 8:57 | Encolar | Villager (Male) |
| 9:02 | Construir | Farm |
| 9:05 | Construir | Farm |
| 9:33 | Investigar | Feudal Age |
| 9:48 | Construir | Mining Camp |
| 10:51 | Encolar | Villager (Male) |
| 10:52 | Encolar | Villager (Male) |
| 11:47 | Edad | Edad Feudal |
| 11:49 | Construir | Market |
| 11:51 | Construir | Blacksmith |
| 11:53 | Construir | House |
| 12:38 | Investigar | Castle Age |
| 12:39 | Investigar | Castle Age |
| 13:08 | Investigar | Double-Bit Axe |
| 13:08 | Investigar | Double-Bit Axe |
| 13:42 | Investigar | Horse Collar |
| 13:48 | Construir | Farm |
| 13:50 | Construir | Farm |
| 13:56 | Construir | Farm |
| 15:08 | Encolar | Villager (Male) |
| 15:18 | Edad | Edad de los Castillos |
| 15:27 | Construir | Town Center |
| 15:38 | Encolar | Villager (Male) |
| 15:49 | Construir | Castle |
| 16:02 | Construir | Town Center |
| 16:09 | Encolar | Villager (Male) |
| 16:19 | Investigar | Bow Saw |
| 16:19 | Investigar | Bow Saw |
| 16:55 | Encolar | Villager (Male) |
| 17:05 | Construir | Mill |
| 17:06 | Construir | Farm |
| 17:08 | Encolar | Conquistador |
| 17:08 | Encolar | Conquistador |
| 17:08 | Encolar | Conquistador |
| 17:23 | Encolar | Villager (Male) |
| 17:34 | Construir | Farm |
| 17:36 | Construir | Farm |
| 17:38 | Encolar | Villager (Male) |
| 17:46 | Encolar | Conquistador |
| 17:50 | Construir | Farm |
| 17:51 | Construir | Farm |
| 17:51 | Encolar | Villager (Male) |
| 17:52 | Encolar | Villager (Male) |
| 18:05 | Encolar | Villager (Male) |
| 18:12 | Encolar | Villager (Male) |
| 18:12 | Encolar | Villager (Male) |
| 18:15 | Construir | Farm |
| 18:18 | Construir | Farm |
| 18:21 | Construir | Farm |
| 18:26 | Encolar | Conquistador |
| 18:26 | Encolar | Conquistador |
| 18:31 | Construir | Farm |
| 18:32 | Construir | Farm |
| 18:33 | Encolar | Villager (Male) |
| 18:33 | Encolar | Villager (Male) |
| 18:50 | Construir | Farm |
| 18:50 | Encolar | Villager (Male) |
| 18:50 | Encolar | Villager (Male) |
| 18:51 | Encolar | Villager (Male) |
| 19:03 | Encolar | Villager (Male) |
| 19:03 | Encolar | Villager (Male) |
| 19:07 | Construir | Farm |
| 19:11 | Encolar | Villager (Male) |
| 19:37 | Encolar | Villager (Male) |
| 19:49 | Encolar | Villager (Male) |
| 19:49 | Encolar | Villager (Male) |
| 19:56 | Construir | Town Center |
| 20:01 | Encolar | Conquistador |
| 20:03 | Encolar | Villager (Male) |
| 20:03 | Encolar | Villager (Male) |
| 20:21 | Encolar | Villager (Male) |
| 20:24 | Encolar | Villager (Male) |
| 20:29 | Encolar | Conquistador |
| 20:42 | Encolar | Villager (Male) |
| 20:50 | Encolar | Conquistador |
| 20:57 | Construir | Farm |
| 20:57 | Construir | Farm |
| 20:57 | Construir | Farm |
| 20:58 | Construir | Farm |
| 20:59 | Construir | Farm |
| 21:00 | Construir | Farm |
| 21:00 | Construir | Farm |
| 21:00 | Construir | Farm |
| 21:00 | Construir | Farm |
| 21:15 | Encolar | Villager (Male) |
| 21:15 | Encolar | Villager (Male) |
| 21:18 | Construir | Farm |
| 21:28 | Encolar | Villager (Male) |
| 21:28 | Encolar | Villager (Male) |
| 21:34 | Encolar | Villager (Male) |
| 21:37 | Construir | Farm |
| 21:38 | Construir | House |
| 21:46 | Encolar | Villager (Male) |
| 21:51 | Encolar | Villager (Male) |
| 21:52 | Encolar | Villager (Male) |
| 21:54 | Construir | Farm |
| 21:55 | Encolar | Villager (Male) |
| 22:08 | Encolar | Conquistador |
| 22:09 | Encolar | Villager (Male) |
| 22:14 | Encolar | Villager (Male) |
| 22:24 | Encolar | Conquistador |
| 22:25 | Encolar | Villager (Male) |
| 22:33 | Construir | Town Center |
| 22:39 | Encolar | Villager (Male) |
| 22:42 | Construir | House |
| 22:44 | Construir | House |
| 22:55 | Encolar | Conquistador |
| 22:55 | Encolar | Conquistador |
| 23:05 | Investigar | Wheelbarrow |
| 23:05 | Investigar | Wheelbarrow |
| 23:18 | Encolar | Villager (Male) |
| 23:19 | Encolar | Villager (Male) |
| 23:23 | Construir | Farm |
| 23:24 | Construir | Farm |
Build order — 马到成功
Primeras 150 de 337 acciones detectadas
| 0:01 | Encolar | Villager (Male) |
| 0:01 | Encolar | Villager (Male) |
| 0:02 | Encolar | Villager (Male) |
| 0:05 | Construir | House |
| 0:06 | Construir | House |
| 0:42 | Encolar | Villager (Male) |
| 0:42 | Encolar | Villager (Male) |
| 1:20 | Encolar | Villager (Male) |
| 1:32 | Construir | Lumber Camp |
| 1:46 | Construir | House |
| 1:47 | Construir | House |
| 1:48 | Construir | House |
| 2:00 | Construir | House |
| 2:00 | Construir | House |
| 2:01 | Construir | House |
| 2:03 | Encolar | Villager (Male) |
| 2:03 | Encolar | Villager (Male) |
| 2:27 | Encolar | Villager (Male) |
| 2:27 | Encolar | Villager (Male) |
| 2:32 | Investigar | Loom |
| 3:28 | Encolar | Villager (Male) |
| 3:46 | Construir | Mill |
| 3:48 | Encolar | Villager (Male) |
| 4:18 | Encolar | Villager (Male) |
| 4:48 | Encolar | Villager (Male) |
| 4:49 | Encolar | Villager (Male) |
| 4:49 | Encolar | Villager (Male) |
| 5:35 | Construir | Mill |
| 5:39 | Encolar | Villager (Male) |
| 5:39 | Encolar | Villager (Male) |
| 5:59 | Encolar | Villager (Male) |
| 6:29 | Encolar | Villager (Male) |
| 6:30 | Encolar | Villager (Male) |
| 6:37 | Construir | Mill |
| 6:40 | Encolar | Villager (Male) |
| 7:06 | Encolar | Villager (Male) |
| 8:04 | Construir | Farm |
| 8:10 | Encolar | Villager (Male) |
| 8:26 | Encolar | Villager (Male) |
| 8:44 | Construir | Farm |
| 8:46 | Construir | Farm |
| 8:52 | Encolar | Villager (Male) |
| 8:53 | Encolar | Villager (Male) |
| 9:32 | Construir | Mining Camp |
| 9:42 | Investigar | Feudal Age |
| 9:42 | Investigar | Feudal Age |
| 9:50 | Construir | House |
| 9:51 | Construir | House |
| 11:10 | Construir | House |
| 11:21 | Construir | Palisade Wall |
| 11:39 | Encolar | Villager (Male) |
| 11:48 | Encolar | Villager (Male) |
| 12:05 | Edad | Edad Feudal |
| 12:18 | Construir | Market |
| 12:49 | Encolar | Villager (Male) |
| 12:57 | Investigar | Double-Bit Axe |
| 13:06 | Investigar | Castle Age |
| 13:06 | Investigar | Castle Age |
| 13:27 | Construir | House |
| 14:31 | Encolar | Villager (Male) |
| 14:32 | Encolar | Villager (Male) |
| 14:32 | Encolar | Villager (Male) |
| 14:32 | Encolar | Villager (Male) |
| 15:06 | Encolar | Villager (Male) |
| 15:06 | Encolar | Villager (Male) |
| 15:38 | Edad | Edad de los Castillos |
| 15:44 | Construir | Town Center |
| 16:18 | Construir | Town Center |
| 16:48 | Investigar | Bow Saw |
| 17:04 | Encolar | Villager (Male) |
| 17:04 | Encolar | Villager (Male) |
| 17:05 | Encolar | Villager (Male) |
| 17:05 | Encolar | Villager (Male) |
| 17:08 | Encolar | Villager (Male) |
| 17:42 | Investigar | Wheelbarrow |
| 17:43 | Investigar | Wheelbarrow |
| 17:48 | Construir | Farm |
| 17:49 | Construir | Farm |
| 17:49 | Construir | Farm |
| 17:49 | Construir | Farm |
| 17:49 | Construir | Farm |
| 17:50 | Construir | Farm |
| 17:51 | Construir | Farm |
| 17:56 | Encolar | Villager (Male) |
| 18:24 | Construir | Lumber Camp |
| 18:43 | Construir | Farm |
| 18:44 | Construir | Farm |
| 18:44 | Construir | Farm |
| 18:44 | Construir | Farm |
| 18:54 | Construir | Farm |
| 18:55 | Construir | Farm |
| 18:56 | Construir | Farm |
| 18:58 | Construir | Farm |
| 18:58 | Construir | Farm |
| 18:58 | Construir | Farm |
| 19:02 | Construir | Farm |
| 19:02 | Construir | Farm |
| 19:02 | Construir | Farm |
| 19:02 | Construir | Farm |
| 19:03 | Construir | Farm |
| 19:03 | Construir | Farm |
| 19:12 | Construir | Farm |
| 19:13 | Encolar | Villager (Male) |
| 19:13 | Encolar | Villager (Male) |
| 19:14 | Encolar | Villager (Male) |
| 19:25 | Encolar | Villager (Male) |
| 19:25 | Encolar | Villager (Male) |
| 19:25 | Encolar | Villager (Male) |
| 19:26 | Encolar | Villager (Male) |
| 19:26 | Encolar | Villager (Male) |
| 19:35 | Construir | Farm |
| 19:44 | Investigar | Elite Skirmisher (upgrade) |
| 19:45 | Encolar | Skirmisher |
| 19:45 | Encolar | Skirmisher |
| 19:48 | Encolar | Villager (Male) |
| 19:49 | Encolar | Villager (Male) |
| 19:49 | Encolar | Villager (Male) |
| 19:57 | Construir | House |
| 19:58 | Construir | House |
| 20:15 | Construir | House |
| 20:16 | Construir | House |
| 20:32 | Encolar | Skirmisher |
| 20:33 | Encolar | Skirmisher |
| 20:33 | Encolar | Skirmisher |
| 20:33 | Encolar | Skirmisher |
| 20:34 | Encolar | Skirmisher |
| 20:34 | Encolar | Villager (Male) |
| 20:34 | Encolar | Villager (Male) |
| 20:35 | Encolar | Villager (Male) |
| 20:35 | Encolar | Villager (Male) |
| 20:35 | Encolar | Villager (Male) |
| 21:16 | Encolar | Villager (Male) |
| 21:17 | Encolar | Villager (Male) |
| 21:17 | Encolar | Villager (Male) |
| 21:18 | Encolar | Villager (Male) |
| 21:18 | Encolar | Villager (Male) |
| 21:46 | Construir | Town Center |
| 21:52 | Encolar | Villager (Male) |
| 21:52 | Encolar | Villager (Male) |
| 21:53 | Encolar | Villager (Male) |
| 21:57 | Encolar | Skirmisher |
| 22:10 | Construir | Town Center |
| 22:16 | Encolar | Villager (Male) |
| 22:17 | Encolar | Villager (Male) |
| 22:17 | Encolar | Villager (Male) |
| 22:18 | Encolar | Villager (Male) |
| 22:18 | Encolar | Villager (Male) |
| 22:26 | Construir | Farm |
| 22:29 | Construir | Farm |
| 22:34 | Encolar | Villager (Male) |
Build order — Kyandie
Primeras 150 de 214 acciones detectadas
| 0:02 | Encolar | Villager (Male) |
| 0:03 | Construir | House |
| 0:05 | Construir | House |
| 0:15 | Encolar | Villager (Male) |
| 0:19 | Encolar | Villager (Male) |
| 0:19 | Encolar | Villager (Male) |
| 0:19 | Encolar | Villager (Male) |
| 1:24 | Encolar | Villager (Male) |
| 1:24 | Encolar | Villager (Male) |
| 1:48 | Construir | Lumber Camp |
| 1:51 | Encolar | Villager (Male) |
| 1:51 | Encolar | Villager (Male) |
| 2:31 | Encolar | Villager (Male) |
| 2:31 | Encolar | Villager (Male) |
| 3:09 | Encolar | Villager (Male) |
| 3:27 | Encolar | Villager (Male) |
| 3:29 | Construir | House |
| 3:30 | Construir | House |
| 4:04 | Encolar | Villager (Male) |
| 4:09 | Construir | Mill |
| 4:12 | Construir | House |
| 4:28 | Construir | House |
| 4:33 | Encolar | Villager (Male) |
| 4:37 | Encolar | Villager (Male) |
| 5:04 | Encolar | Villager (Male) |
| 5:17 | Encolar | Villager (Male) |
| 5:33 | Encolar | Villager (Male) |
| 6:05 | Construir | Mill |
| 6:17 | Encolar | Villager (Male) |
| 7:02 | Encolar | Villager (Male) |
| 7:20 | Encolar | Villager (Male) |
| 7:54 | Encolar | Villager (Male) |
| 8:05 | Construir | Mining Camp |
| 8:20 | Investigar | Feudal Age |
| 10:05 | Construir | House |
| 10:13 | Encolar | Villager (Male) |
| 10:14 | Encolar | Villager (Male) |
| 10:32 | Edad | Edad Feudal |
| 10:34 | Construir | Blacksmith |
| 10:35 | Investigar | Double-Bit Axe |
| 10:48 | Construir | Barracks |
| 11:14 | Construir | Lumber Camp |
| 11:23 | Investigar | Castle Age |
| 12:26 | Investigar | Horse Collar |
| 12:43 | Encolar | Archer |
| 12:43 | Encolar | Archer |
| 13:00 | Construir | Farm |
| 13:02 | Construir | Farm |
| 13:05 | Construir | Farm |
| 13:12 | Encolar | Archer |
| 13:53 | Encolar | Villager (Male) |
| 14:01 | Construir | House |
| 14:03 | Edad | Edad de los Castillos |
| 14:06 | Construir | Siege Workshop |
| 14:09 | Investigar | Crossbowman (upgrade) |
| 14:11 | Investigar | Fletching |
| 14:19 | Encolar | Archer |
| 14:25 | Encolar | Villager (Male) |
| 14:28 | Construir | Farm |
| 14:32 | Construir | Farm |
| 14:36 | Construir | Farm |
| 14:37 | Construir | Farm |
| 14:37 | Construir | Farm |
| 14:37 | Construir | Farm |
| 14:40 | Encolar | Villager (Male) |
| 14:50 | Encolar | Armored Elephant |
| 14:54 | Construir | House |
| 14:55 | Construir | House |
| 14:56 | Encolar | Villager (Male) |
| 15:27 | Construir | Farm |
| 15:39 | Construir | Farm |
| 15:41 | Encolar | Villager (Male) |
| 15:56 | Construir | House |
| 15:57 | Construir | House |
| 15:58 | Encolar | Mangonel |
| 16:04 | Encolar | Villager (Male) |
| 16:08 | Construir | Farm |
| 16:11 | Encolar | Archer |
| 16:24 | Investigar | Crossbowman (upgrade) |
| 16:25 | Encolar | Villager (Male) |
| 16:47 | Encolar | Villager (Male) |
| 16:48 | Encolar | Archer |
| 17:01 | Construir | Farm |
| 17:06 | Encolar | Archer |
| 17:09 | Encolar | Villager (Male) |
| 17:11 | Encolar | Villager (Male) |
| 17:32 | Encolar | Villager (Male) |
| 17:40 | Encolar | Archer |
| 17:57 | Construir | Farm |
| 17:59 | Construir | Farm |
| 18:02 | Investigar | Gold Mining |
| 18:03 | Encolar | Archer |
| 18:22 | Encolar | Villager (Male) |
| 18:23 | Encolar | Mangonel |
| 18:41 | Encolar | Villager (Male) |
| 18:53 | Encolar | Villager (Male) |
| 19:04 | Encolar | Villager (Male) |
| 19:11 | Encolar | Villager (Male) |
| 19:26 | Encolar | Mangonel |
| 19:27 | Encolar | Archer |
| 19:33 | Encolar | Villager (Male) |
| 19:41 | Investigar | Bow Saw |
| 19:45 | Encolar | Archer |
| 19:50 | Encolar | Villager (Male) |
| 20:14 | Encolar | Villager (Male) |
| 20:15 | Encolar | Mangonel |
| 20:19 | Construir | Outpost |
| 20:51 | Encolar | Mangonel |
| 21:11 | Encolar | Mangonel |
| 21:18 | Encolar | Villager (Male) |
| 21:21 | Construir | Siege Workshop |
| 21:30 | Investigar | Loom |
| 21:31 | Construir | House |
| 21:32 | Construir | House |
| 21:44 | Encolar | Villager (Male) |
| 21:52 | Encolar | Mangonel |
| 21:59 | Encolar | Villager (Male) |
| 22:14 | Encolar | Villager (Male) |
| 22:21 | Construir | Town Center |
| 22:50 | Encolar | Villager (Male) |
| 22:56 | Encolar | Mangonel |
| 22:57 | Encolar | Mangonel |
| 23:09 | Encolar | Mangonel |
| 23:12 | Construir | House |
| 23:29 | Encolar | Archer |
| 23:45 | Encolar | Archer |
| 23:56 | Encolar | Villager (Male) |
| 24:19 | Encolar | Villager (Male) |
| 24:22 | Encolar | Archer |
| 24:24 | Encolar | Villager (Male) |
| 24:25 | Investigar | Wheelbarrow |
| 24:30 | Construir | Mining Camp |
| 24:31 | Encolar | Villager (Male) |
| 24:34 | Encolar | Archer |
| 24:46 | Construir | Market |
| 24:55 | Encolar | Villager (Male) |
| 24:59 | Encolar | Villager (Male) |
| 25:10 | Investigar | Town Watch |
| 25:32 | Encolar | Archer |
| 25:33 | Encolar | Archer |
| 26:03 | Encolar | Archer |
| 26:04 | Encolar | Mangonel |
| 26:22 | Encolar | Mangonel |
| 26:22 | Encolar | Mangonel |
| 26:23 | Encolar | Archer |
| 26:23 | Encolar | Archer |
| 26:25 | Encolar | Villager (Male) |
| 26:36 | Encolar | Archer |
| 26:37 | Encolar | Villager (Male) |
| 26:42 | Construir | Market |
Build order — MrSpring84
Primeras 150 de 288 acciones detectadas
| 0:00 | Encolar | Villager (Male) |
| 0:01 | Encolar | Villager (Male) |
| 0:01 | Encolar | Villager (Male) |
| 0:03 | Construir | House |
| 0:04 | Construir | House |
| 0:06 | Encolar | Villager (Male) |
| 1:20 | Encolar | Villager (Male) |
| 1:20 | Encolar | Villager (Male) |
| 1:51 | Encolar | Villager (Male) |
| 1:53 | Construir | Lumber Camp |
| 2:34 | Encolar | Villager (Male) |
| 2:34 | Encolar | Villager (Male) |
| 2:37 | Encolar | Villager (Male) |
| 3:05 | Construir | House |
| 3:19 | Encolar | Villager (Male) |
| 3:46 | Encolar | Villager (Male) |
| 3:48 | Encolar | Villager (Male) |
| 3:55 | Construir | Mill |
| 5:02 | Encolar | Villager (Male) |
| 5:03 | Encolar | Villager (Male) |
| 5:27 | Encolar | Villager (Male) |
| 5:37 | Encolar | Villager (Male) |
| 6:08 | Encolar | Villager (Male) |
| 6:11 | Construir | Mill |
| 6:15 | Construir | House |
| 6:20 | Encolar | Villager (Male) |
| 6:52 | Encolar | Villager (Male) |
| 7:06 | Encolar | Villager (Male) |
| 8:00 | Encolar | Villager (Male) |
| 8:43 | Encolar | Villager (Male) |
| 8:53 | Construir | Farm |
| 8:56 | Construir | Farm |
| 8:59 | Construir | House |
| 9:05 | Encolar | Villager (Male) |
| 9:25 | Construir | Mining Camp |
| 9:36 | Investigar | Feudal Age |
| 10:08 | Construir | Lumber Camp |
| 10:24 | Construir | Farm |
| 11:28 | Encolar | Villager (Male) |
| 11:28 | Encolar | Villager (Male) |
| 11:53 | Edad | Edad Feudal |
| 12:02 | Construir | Blacksmith |
| 12:43 | Investigar | Castle Age |
| 12:44 | Investigar | Castle Age |
| 12:49 | Construir | House |
| 12:51 | Construir | House |
| 13:18 | Investigar | Double-Bit Axe |
| 13:19 | Investigar | Double-Bit Axe |
| 13:22 | Construir | House |
| 13:45 | Investigar | Horse Collar |
| 13:46 | Investigar | Horse Collar |
| 14:49 | Encolar | Villager (Male) |
| 14:49 | Encolar | Villager (Male) |
| 15:23 | Edad | Edad de los Castillos |
| 15:27 | Construir | Town Center |
| 15:28 | Encolar | Villager (Male) |
| 15:36 | Construir | Town Center |
| 15:47 | Encolar | Villager (Male) |
| 15:52 | Investigar | Bow Saw |
| 16:01 | Construir | Farm |
| 16:03 | Construir | Farm |
| 16:06 | Construir | Farm |
| 16:18 | Construir | Farm |
| 16:44 | Encolar | Villager (Male) |
| 16:50 | Construir | Farm |
| 16:51 | Encolar | Villager (Male) |
| 16:51 | Encolar | Villager (Male) |
| 17:07 | Encolar | Villager (Male) |
| 17:07 | Encolar | Villager (Male) |
| 17:08 | Encolar | Villager (Male) |
| 17:08 | Encolar | Villager (Male) |
| 17:09 | Encolar | Villager (Male) |
| 17:15 | Construir | Farm |
| 17:20 | Construir | Farm |
| 17:22 | Construir | Farm |
| 17:26 | Construir | Farm |
| 17:28 | Encolar | Villager (Male) |
| 17:33 | Construir | Farm |
| 17:37 | Construir | Farm |
| 17:41 | Encolar | Villager (Male) |
| 17:55 | Investigar | Wheelbarrow |
| 17:55 | Investigar | Wheelbarrow |
| 18:13 | Encolar | Villager (Male) |
| 18:15 | Construir | Farm |
| 18:17 | Construir | Farm |
| 18:21 | Construir | Farm |
| 18:24 | Construir | Farm |
| 18:27 | Encolar | Villager (Male) |
| 18:32 | Construir | Farm |
| 18:34 | Encolar | Villager (Male) |
| 18:34 | Encolar | Villager (Male) |
| 18:42 | Encolar | Villager (Male) |
| 18:45 | Construir | Farm |
| 18:58 | Encolar | Villager (Male) |
| 19:10 | Construir | Town Center |
| 19:15 | Encolar | Villager (Male) ×2 |
| 19:18 | Investigar | Loom |
| 19:18 | Investigar | Loom |
| 19:23 | Construir | Farm |
| 19:29 | Construir | House |
| 19:31 | Encolar | Villager (Male) |
| 19:40 | Encolar | Villager (Male) ×2 |
| 19:51 | Encolar | Villager (Male) |
| 19:56 | Construir | Farm |
| 20:02 | Construir | Barracks |
| 20:05 | Construir | House |
| 20:09 | Encolar | Villager (Male) ×2 |
| 20:13 | Construir | Farm |
| 20:15 | Encolar | Villager (Male) |
| 20:23 | Encolar | Villager (Male) |
| 20:34 | Encolar | Villager (Male) |
| 20:38 | Construir | Farm |
| 20:40 | Construir | Farm |
| 20:41 | Construir | Farm |
| 20:42 | Construir | Farm |
| 20:45 | Encolar | Villager (Male) ×2 |
| 20:51 | Construir | Farm |
| 20:53 | Encolar | Villager (Male) |
| 20:58 | Encolar | Villager (Male) |
| 21:02 | Construir | Farm |
| 21:07 | Construir | Farm |
| 21:11 | Construir | Farm |
| 21:12 | Encolar | Villager (Male) ×2 |
| 21:21 | Encolar | Villager (Male) |
| 21:22 | Encolar | Villager (Male) |
| 21:28 | Construir | Lumber Camp |
| 21:31 | Encolar | Villager (Male) |
| 21:35 | Construir | House |
| 21:38 | Construir | House |
| 21:41 | Encolar | Villager (Male) |
| 21:47 | Construir | Farm |
| 21:47 | Encolar | Villager (Male) |
| 21:49 | Encolar | Villager (Male) |
| 21:56 | Encolar | Villager (Male) ×2 |
| 22:02 | Encolar | Villager (Male) |
| 22:08 | Construir | Farm |
| 22:11 | Construir | Farm |
| 22:11 | Encolar | Villager (Male) ×2 |
| 22:18 | Encolar | Villager (Male) |
| 22:23 | Construir | Monastery |
| 22:26 | Construir | Farm |
| 22:29 | Encolar | Villager (Male) ×3 |
| 22:42 | Construir | University |
| 22:44 | Encolar | Villager (Male) ×2 |
| 22:50 | Construir | Lumber Camp |
| 22:54 | Encolar | Villager (Male) ×3 |
| 22:56 | Construir | Farm |
| 23:02 | Encolar | Villager (Male) |
| 23:04 | Construir | Farm |
| 23:09 | Encolar | Villager (Male) |
Cronología de la partida
| 10:09 | Don_Digidon · age_up feudal |
| 10:32 | Kyandie · age_up feudal |
| 10:48 | Kyandie · first_building Barracks |
| 10:57 | 旋律 · age_up feudal |
| 11:21 | 马到成功 · wall_segment Palisade Wall x9 |
| 11:28 | 爱吃汉堡包 · age_up feudal |
| 11:38 | Idle Brother · age_up feudal |
| 11:47 | Kinder · age_up feudal |
| 11:53 | MrSpring84 · age_up feudal |
| 12:05 | 马到成功 · age_up feudal |
| 14:03 | Kyandie · age_up castle |
| 14:06 | Kyandie · first_building Siege Workshop |
| 14:15 | Don_Digidon · age_up castle |
| 14:27 | 旋律 · age_up castle |
| 14:58 | 爱吃汉堡包 · age_up castle |
| 15:18 | Kinder · age_up castle |
| 15:19 | Idle Brother · age_up castle |
| 15:23 | MrSpring84 · age_up castle |
| 15:38 | 马到成功 · age_up castle |
| 15:49 | Kinder · first_building Castle |
| 16:18 | Kinder · first_market_buy 100 wood |
| 16:47 | Don_Digidon · first_market_buy 100 food |
| 17:45 | 旋律 · first_building Siege Workshop |
| 18:12 | Idle Brother · first_market_buy 100 food |
| 18:16 | Don_Digidon · first_market_sell 100 wood |
| 18:55 | Idle Brother · wall_segment Palisade Wall x4 |
| 19:22 | 马到成功 · first_market_buy 100 food |
| 20:02 | MrSpring84 · first_building Barracks |
| 20:27 | Idle Brother · wall_segment Palisade Wall x1 |
| 20:28 | Idle Brother · wall_segment Palisade Wall x1 |
| 21:34 | 爱吃汉堡包 · first_building Barracks |
| 22:23 | MrSpring84 · first_building Monastery |
| 22:32 | 爱吃汉堡包 · wall_segment Palisade Wall x1 |
| 23:01 | Don_Digidon · first_building Monastery |
| 23:02 | 马到成功 · wall_segment Stone Wall x10 |
| 23:11 | 旋律 · first_market_sell 100 stone |
| 23:48 | Idle Brother · first_building Monastery |
| 24:05 | 爱吃汉堡包 · wall_segment Palisade Wall x1 |
| 24:59 | Kinder · wall_segment Stone Wall x1 |
| 25:13 | Idle Brother · first_market_sell 100 food |
| 25:22 | 爱吃汉堡包 · first_building Siege Workshop |
| 25:46 | Idle Brother · first_building Barracks |
| 26:18 | MrSpring84 · first_building Stable |
| 26:21 | Kyandie · first_market_sell 100 food |
| 26:25 | 爱吃汉堡包 · first_market_sell 100 wood |
| 26:43 | Idle Brother · first_building Stable |
| 26:54 | 爱吃汉堡包 · first_building Castle |
| 27:15 | 马到成功 · first_building Dock |
| 27:39 | 爱吃汉堡包 · first_building Archery Range |
| 27:43 | Don_Digidon · wall_segment Stone Wall x7 |
| 27:44 | 马到成功 · first_building Monastery |
| 27:45 | Don_Digidon · wall_segment Stone Wall x1 |
| 27:56 | 旋律 · first_building Barracks |
| 27:59 | Idle Brother · age_up imperial |
| 27:59 | Don_Digidon · first_building Castle |
| 28:16 | Don_Digidon · first_building Barracks |
| 28:31 | Kinder · first_building Barracks |
| 28:42 | MrSpring84 · first_building Castle |
| 28:43 | MrSpring84 · age_up imperial |
| 29:01 | 马到成功 · first_market_sell 100 wood |
| 29:02 | Kinder · first_building Stable |
| 29:16 | 旋律 · first_building Archery Range |
| 29:20 | Don_Digidon · age_up imperial |
| 29:21 | 旋律 · first_market_buy 100 wood |
| 29:48 | 旋律 · first_building Castle |
| 29:53 | 爱吃汉堡包 · age_up imperial |
| 30:53 | Kinder · age_up imperial |
| 30:54 | Kyandie · first_market_buy 100 stone |
| 30:56 | Kinder · first_market_sell 100 wood |
| 31:04 | Idle Brother · first_building Castle |
| 31:29 | Don_Digidon · wall_segment Stone Wall x1 |
| 31:31 | 马到成功 · first_building Barracks |
| 31:49 | 马到成功 · age_up imperial |
| 31:54 | Idle Brother · wall_segment Stone Wall x1 |
| 31:55 | Idle Brother · wall_segment Stone Wall x1 |
| 31:57 | Idle Brother · wall_segment Stone Wall x1 |
| 32:00 | Idle Brother · wall_segment Stone Wall x1 |
| 32:30 | 马到成功 · first_building Stable |
| 33:18 | 爱吃汉堡包 · resign |
[ ANÁLISIS IA · 1 CRÉDITO ]
¿Qué pasó realmente en esta partida?
Wolo.gg analiza cada decisión: build order, eco, micro, errores típicos por bracket. Análisis personalizado por WhatsApp o Discord en 30 segundos.
Guía civ
Persas
Perfil
Jugador #11969432